Map: Winter's Gate LE

Players

Clem

  • Race: Terran Terran
  • League: Master
  • Spawn Location: 5:00

liquidthermy (uThermal) - Winner!

  • Race: Terran Terran
  • Spawn Location: 11:00

Event: HomeStory Cup XX

VOD

Have the link to the VOD?

Description

Time

  • Played on: Nov. 23, 2019, 5:50 a.m.
  • Length: 8:03

All games in this series

Show
View Real Time Build Order
Export as new Build Order

Clem Terran 

Build Orders:  

Get SALT Encoding   

  12  0:00  SCV  
  13  0:13  SCV  
  14  0:17  Supply Depot  
  14  0:25  SCV  
  15  0:38  SCV  
  15  0:40  Barracks  
  16  0:44  Refinery  
  16  0:50  SCV  
  17  0:58  Barracks  
  17  1:03  SCV  
  18  1:15  SCV  
  19  1:27  Reaper  
  19  1:28  Orbital Command  
  20  1:34  Supply Depot  
  20  1:45  Reaper  
  22  1:54  SCV  
  22  2:03  Reaper  
  22  2:06  SCV  
  24  2:13  Command Center  
  24  2:18  SCV  
  24  2:19  Marine  
  26  2:24  Supply Depot  
  26  2:28  Refinery  
  26  2:30  SCV  
  26  2:35  Marine  
  28  2:42  Factory  
  28  2:44  SCV  
  28  2:47  Marine  
  30  2:55  Bunker  
  30  2:58  SCV  
  31  3:01  Barracks Tech Lab  
  31  3:05  Marine  
  32  3:13  SCV  
  33  3:22  Marauder  
  33  3:23  Marine  
  33  3:25  Orbital Command  
  35  3:28  Factory Tech Lab  
  35  3:30  SCV  
  36  3:36  Starport  
  36  3:47  Cyclone  
  36  3:48  Marine x2  
  39  3:52  SCV  
  39  3:53  SCV  
  43  4:00  Stimpack  
  43  4:03  Supply Depot  
  43  4:05  SCV x2  
  43  4:09  Marine x2  
  45  4:20  SCV  
  45  4:21  SCV  
  40  4:27  Marine  
  40  4:31  Marine  
  41  4:32  SCV  
  41  4:34  SCV  
  41  4:35  Factory Tech Lab  
  41  4:37  Raven  
  46  4:44  SCV  
  47  4:46  SCV  
  47  4:50  Marine  
  47  4:51  Barracks Reactor  
  49  4:57  SCV  
  49  4:58  SCV  
  49  4:59  Command Center  
  51  5:05  Supply Depot  
  51  5:09  Siege Tank  
  51  5:11  Marine, SCV  
  51  5:13  SCV  
  57  5:19  Refinery  
  57  5:25  SCV x2  
  57  5:28  Refinery, Starport Reactor  
  58  5:29  Marine x3  
  60  5:37  SCV x2  
  60  5:42  Barracks  
  62  5:48  Marine x2, Supply Depot  
  62  5:49  SCV  
  66  5:50  SCV  
  66  6:01  Marauder, SCV  
  69  6:04  SCV  
  69  6:10  Marine x2, Medivac x2, Combat Shield  
  76  6:13  SCV  
  76  6:14  Engineering Bay  
  76  6:16  Orbital Command  
  77  6:22  Engineering Bay  
  77  6:24  SCV  
  77  6:25  SCV  
  77  6:29  Siege Tank  
  77  6:31  Marauder  
  83  6:33  Marine x2  
  83  6:36  SCV  
  83  6:38  SCV  
  81  6:48  SCV  
  81  6:49  Marauder  
  83  6:54  Supply Depot, SCV  
  83  6:57  Marine x2  
  83  6:59  Marauder  
  83  7:00  SCV  
  89  7:03  Siege Tank  
  89  7:06  SCV  
  92  7:09  Medivac  
  92  7:12  SCV  
  91  7:18  SCV  
  91  7:21  Orbital Command  
  91  7:24  SCV  
  89  7:30  SCV  
  89  7:35  Widow Mine  
  89  7:36  Marine x2, SCV  
  95  7:42  SCV  
  101  7:48  Supply Depot  
  105  7:57  Supply Depot  
Show
View Real Time Build Order
Export as new Build Order

liquidthermy Terran - Winner!

Build Orders: 1/1/1, Liberator Opening 

Get SALT Encoding   

  12  0:01  SCV  
  13  0:13  SCV  
  14  0:18  Supply Depot  
  14  0:26  SCV  
  14  0:27  Refinery  
  15  0:40  SCV  
  16  0:44  Barracks  
  16  0:52  SCV  
  16  0:55  Refinery  
  17  1:04  SCV  
  18  1:16  SCV  
  19  1:32  Orbital Command, Reaper  
  20  1:35  Factory  
  20  1:45  Supply Depot  
  20  1:57  SCV  
  21  2:04  Reaper  
  22  2:09  SCV  
  23  2:18  Starport  
  23  2:19  Hellion  
  23  2:21  SCV  
  26  2:30  Supply Depot  
  26  2:34  SCV  
  26  2:36  Reaper  
  28  2:38  Liberator  
  28  2:40  Hellion  
  30  2:52  Supply Depot  
  33  3:02  Hellion  
  35  3:08  Reaper  
  36  3:18  Command Center  
  36  3:23  Hellion  
  36  3:24  SCV  
  39  3:36  SCV  
  39  3:38  Starport Tech Lab  
  39  3:40  Barracks Reactor  
  40  3:45  Refinery, Factory Tech Lab  
  40  3:48  SCV  
  40  3:52  Supply Depot  
  41  4:01  SCV  
  42  4:04  Raven  
  44  4:13  SCV  
  42  4:26  Marine  
  42  4:28  Siege Tank, SCV  
  42  4:29  Marine  
  48  4:31  Orbital Command  
  48  4:35  Bunker  
  48  4:40  SCV  
  48  4:44  Marine  
  50  4:46  Marine  
  51  4:53  SCV, Raven  
  51  4:57  SCV  
  55  5:02  Marine  
  55  5:04  Marine  
  55  5:05  SCV  
  58  5:10  SCV  
  58  5:13  Siege Tank  
  62  5:17  SCV  
  62  5:20  Marine  
  64  5:22  Marine, Supply Depot, SCV  
  64  5:25  Supply Depot  
  66  5:29  SCV  
  66  5:34  SCV  
  68  5:41  SCV  
  69  5:45  Siege Tank  
  69  5:46  SCV  
  73  5:50  Command Center  
  73  5:54  Viking  
  75  5:58  Viking  
  75  5:59  SCV  
  75  6:00  SCV  
  79  6:04  Refinery  
  79  6:06  Supply Depot  
  79  6:12  SCV  
  79  6:15  SCV  
  79  6:17  Siege Tank  
  84  6:24  SCV  
  85  6:27  Supply Depot  
  85  6:28  Viking x2  
  85  6:30  SCV  
  85  6:32  Supply Depot  
  90  6:33  Marine  
  90  6:36  SCV  
  90  6:42  SCV  
  90  6:48  SCV  
  90  6:49  Siege Tank  
  90  6:50  Marine  
  90  6:51  Supply Depot  
  95  6:54  SCV  
  95  6:58  Viking x2  
  95  7:00  SCV  
  101  7:06  Orbital Command  
  101  7:07  SCV  
  101  7:08  Engineering Bay  
  102  7:12  SCV  
  102  7:14  Supply Depot  
  103  7:19  SCV  
  103  7:21  Siege Tank  
  107  7:28  SCV  
  103  7:30  Viking x2  
  103  7:33  Orbital Command  
  103  7:34  SCV  
  106  7:41  SCV  
  105  7:44  Refinery  
  105  7:47  SCV  
  105  7:48  Refinery  
Tags
 
Add a new tag
Caveats
  • Supply blocks, unpowered buildings, or Contaminate may cause inaccurate times.
  • Supply counts are checked every 10 seconds.